 Dungeon Crawl Stone Soup version 0.14.1-24-gbdbe590 (webtiles) character file.

258008 RepoMan the Warrior (level 19, -15/181 HPs)
             Began as a Vine Stalker Berserker on May 6, 2014.
             Was the Champion of Trog.
             Killed by Shatter
             ... invoked by Jorgrun
              (36 damage)
             ... on Level 3 of the Elven Halls on June 30, 2014.
             The game lasted 09:18:05 (38992 turns).

RepoMan the Warrior (Vine Stalker Berserker)       Turns: 38992, Time: 09:18:07

HP -15/181       AC 35     Str 28      XL: 19   Next: 77%
MP   0/31        EV 20     Int 10      God: Trog [******]
Gold 2788        SH 32     Dex 23      Spells:  0 memorised, 18 levels left

rFire  . . .     SeeInvis .     m - +2,+6 long sword (protect)
rCold  . . .     Clarity  .     Y - +4 plate armour of Ruattij {Dex+4 Int+3}
rNeg   + + .     Conserve .     B - +3 shield of Cififuor {rN+ Stlth++}
rPois  +         rCorr    .     P - +1 helmet
rElec  .         rRot     +     t - +2 cloak
SustAb . .       Spirit   +     u - +0 pair of gloves
rMut   .         Warding  +     w - +1 pair of boots {run}
Saprov . . .     Stasis   .     o - amulet of warding
MR     ++++.                    D - +4 ring of evasion
                                Q - ring of poison resistance

@: regenerating, berserking, very quick, incredibly resistant to hostile
enchantments, extremely unstealthy
A: fangs 3, regeneration 3, robust 1, magic shield, antimagic bite, no device
heal
a: Burn Spellbooks, Berserk, Trog's Hand, Brothers in Arms, Renounce Religion
}: 2/15 runes: decaying, gossamer


You were on level 3 of the Elven Halls.
You worshipped Trog.
Trog was exalted by your worship.
You were very hungry.

You visited 8 branches of the dungeon, and saw 42 of its levels.
You visited the Abyss 2 times.
You visited 1 bazaar.
You also visited: Labyrinth and Bailey.

You collected 3776 gold pieces.
You spent 988 gold pieces at shops.

Inventory:

Hand weapons
 b - the +5,+14 hand axe "Jihul" {flame, rPois rF+ MR+ Dex+2 Int+1 SInv}
   (Trog gifted it to you on level 1 of the Depths)

   It emits flame when wielded, causing extra injury to most foes and up to
   double damage against particularly susceptible opponents.
   Big, fiery blades are also staple armaments of hydra-hunters.
   It affects your intelligence (+1).
   It affects your dexterity (+2).
   It protects you from fire.
   It protects you from poison.
   It affects your resistance to hostile enchantments.
   It enhances your eyesight.
 m - a +2,+6 long sword of protection (weapon)
Missiles
 e - 13 silver darts (quivered)
Armour
 t - a +2 cloak (worn)
 u - a +0 pair of gloves (worn)
 w - a +1 pair of boots of running (worn)
 B - the +3 shield of Cififuor (worn) {rN+ Stlth++}
   (You took it off Wiglaf on level 2 of the Elven Halls)

   It protects you from negative energy.
   It makes you much more stealthy.
 J - a +0 shield of protection
 P - a +1 helmet (worn)
 Y - the +4 plate armour of Ruattij (worn) {Dex+4 Int+3}
   (You took it off a minotaur in a labyrinth)

   It affects your intelligence (+3).
   It affects your dexterity (+4).
Magical devices
 i - a wand of cold (11)
 q - a wand of hasting (1)
 C - a wand of teleportation (1)
 E - a wand of digging (12)
 G - a wand of cold (6)
 M - a wand of fireball (5) {unknown}
 O - a wand of flame (12)
 U - a wand of cold (5)
 W - a wand of digging (3)
Comestibles
 a - an apple
 c - 13 bread rations
 r - 8 meat rations
 z - a choko
 A - a pear
Scrolls
 l - 2 scrolls of recharging
 n - 6 scrolls of identify
 s - 3 scrolls of teleportation
 v - 3 scrolls of remove curse
 y - a scroll of fear
 N - a scroll of magic mapping
 S - 3 scrolls of fog
 T - 3 scrolls of silence
Jewellery
 f - an uncursed ring of teleport control
 j - an uncursed amulet of resist corrosion
 o - an amulet of warding (around neck)
 D - a +4 ring of evasion (right hand)
 Q - a ring of poison resistance (left hand)
Potions
 g - 4 potions of curing
 h - a potion of invisibility
 k - a potion of resistance
 x - 2 potions of flight
 H - 2 potions of haste
 K - 2 potions of porridge
 L - 2 potions of might
Rods
 p - a +3 rod of inaccuracy (13/13)
   (You took it off a minotaur in a labyrinth)


   Skills:
 * Level 16.3 Fighting
 + Level 15.4 Long Blades
 + Level 12.9 Armour
 + Level 12.6 Dodging
 - Level 1.0 Stealth
 + Level 11.0 Shields
 + Level 7.8 Evocations


You had 18 spell levels left.
You didn't know any spells.

Dungeon Overview and Level Annotations

Branches:
Dungeon (15/15)            Temple (1/1) D:5             Orc (4/4) D:12
    Elf (3/3) Orc:3          Lair (8/8) D:8           Swamp (5/5) Lair:6
 Spider (5/5) Lair:6        Slime (0/6) Lair:8       Vaults (0/5) D:14
 Depths (1/5) D:15

Altars:
Ashenzari
Cheibriados
Dithmenos
Elyvilon
Fedhas
Kikubaaqudgha
Makhleb
Nemelex Xobeh
Okawaru
Sif Muna
Trog
Vehumet
Xom
Yredelemnul
Zin
The Shining One
Beogh

Shops:
D:5 !   D:6 %   Orc:4 [(?:*   Elf:2 (

Portals:
Hell: Depths:1

Annotations:
Elf:3 Jorgrun
Spider:3 1 exclusion


Innate Abilities, Weirdness & Mutations

You are immune to rotting.
You have razor-sharp teeth.
You regenerate.
When hurt, damage is shared between your health and your magic reserves.
Your bite disrupts and absorbs the magic of your enemies.
Potions and wands cannot restore your HP.
You are robust (+10% HP).


Message History

Read which item? (? for menu, Esc to quit)
As you read the scroll of fear, it crumbles to dust.
You assume a fearsome visage.
Jorgrun resists with almost no effort.
Jorgrun hits you but does no damage.
Use which ability? (? or * to list)
Your hill giant goes berserk!
You feel somewhat more hungry.
Jorgrun mumbles some strange words.
The dungeon rumbles around Jorgrun!
You shudder from the earth-shattering force.
* * * LOW HITPOINT WARNING * * *
Ka-crash!
Use which ability? (? or * to list)
A red film seems to cover your vision as you go berserk!
You feel yourself moving faster!
You feel mighty!
You are feeling very hungry.
Jorgrun mumbles some strange words.
The dungeon rumbles around Jorgrun!
You shudder from the earth-shattering force.
You die...

#.# #....# #.#.#...... #.# #....#
#.#.#...... #.# #....# ##
#.#.#...... #.#
#....##.#####.#.####### #.#
#.....#........!# # #.#
##..##...#.###.######### #.#
#.......................
#.#########...#.C..####.#########
#...............@.......#<.......
#########.....)q.################
..###...# # ...### # .#..# # #
...# ###### ##..# #...). ##.#
#.#### .q. #.#


You could see Jorgrun and a friendly hill giant (berserk).

Vanquished Creatures
  Arachne (Spider:2)
  A lich (Depths:1)
  A tentacled starspawn (Abyss:1)
  A thorn hunter (Swamp:4)
  Agnes (Spider:3)
  Frances (Spider:5)
  A frost giant (Depths:1)
  The ghost of SaintRoka the Severer, a powerful HOAK of Lugonu (Orc:2)
  Donald (Swamp:5)
  Wiglaf (Elf:2)
  Maud (Lair:3)
  An orc warlord (Orc:4)
  3 deep elf sorcerers
  Louise (Spider:3)
  3 ghost moths
  Gastronok (D:9)
  5 emperor scorpions
  4 stone giants (Depths:1)
  A deep elf demonologist (Elf:1)
  Azrael (Elf:2)
  A dire elephant (D:15)
  An ettin (Depths:1)
  A minotaur (Lab)
  3 fire dragons
  4 vault guards (D:14)
  A deep elf high priest (Elf:3)
  12 hydras
  3 ice dragons (Depths:1)
  A deep troll earth mage (Depths:1)
  2 shambling mangroves (Swamp:4)
  A deep troll shaman (Depths:1)
  10 alligators
  A centaur warrior (Depths:1)
  9 death yaks (Depths:1)
  3 very ugly things (Depths:1)
  4 orc high priests
  The ghost of ant87 the Fighter, an experienced MiBe of Trog (D:7)
  4 skeletal warriors (D:13)
  An iron troll (Depths:1)
  6 large abominations
  A fire crab (Swamp:5)
  5 unseen horrors
  10 deep elf knights
  The ghost of RepoMan the Slasher, an experienced FoFi of Cheibriados (D:6)
  11 orb spiders
  10 deep elf summoners
  13 swamp dragons
  The ghost of teukkam the Grappler, an experienced TrMo (Bailey)
  8 hill giants
  8 deep trolls (Depths:1)
  2 orc knights
  Joseph (Orc:1)
  5 deep elf conjurers
  3 wizards
  A griffon (D:14)
  3 orc sorcerers
  37 wolf spiders
  4 cyclopes
  5 red wasps
  A moth of wrath (Spider:5)
  2 black mambas
  6 elephants (Lair:7)
  2 item mimics
  A gargoyle (D:9)
  The ghost of ketsa the Cudgeler, an experienced FoAK of Lugonu (D:3)
  13 spiny frogs
  A queen ant (Lair:1)
  A centaur zombie (D:13)
  14 demonic crawlers
  8 deep elf priests
  5 fire drakes (Swamp:5)
  3 spriggan druids
  4 boggarts (Depths:1)
  The ghost of Nowbl the Shield-Bearer, an average MiFi of Trog (D:5)
  5 komodo dragons
  A two-headed ogre (D:15)
  11 giant fireflies
  6 trolls
  20 blink frogs
  19 jumping spiders
  2 wandering mushrooms (Lair:7)
  6 baby alligators
  A raiju (Abyss:1)
  10 ravens
  A blink frog (shapeshifter) (D:14)
  4 giant leeches
  A hydra skeleton (D:13)
  5 bog bodies
  3 boulder beetles
  8 thorn lotuses
  5 basilisks
  24 trapdoor spiders
  4 sharks
  34 tarantellas
  45 redbacks
  5 grizzly bears (Lair:8)
  26 slime creatures
  4 water elementals (Depths:1)
  A wraith (D:10)
  19 spriggans
  5 shadows
  28 ugly things
  3 fire elementals
  A spriggan (shapeshifter) (D:13)
  24 deep elf magi
  Eustachio (Orc:1)
  48 yaks
  An elephant slug (Lair:3)
  A hog (D:9)
  30 wolves
  A hill giant skeleton (D:8)
  2 hill giant zombies (D:14)
  11 hippogriffs
  12 deep elf fighters
  2 hungry ghosts
  2 steam dragons (Swamp:5)
  3 wargs
  11 vampire mosquitoes
  Edmund (D:5)
  A water moccasin (shapeshifter) (Elf:1)
  A mottled dragon (Swamp:5)
  21 soldier ants
  2 necrophages
  22 swamp worms
  20 water moccasins
  8 small abominations
  36 orc warriors
  17 swamp drakes
  9 porcupines
  4 hell hounds (Elf:2)
  A sky beast (D:14)
  An ice beast (D:5)
  5 yellow wasps
  8 centaurs
  6 black bears
  30 spiders
  11 ogres
  8 giant goldfish
  2 lava worms
  A manticore skeleton (D:14)
  A big kobold (D:12)
  7 crocodiles
  10 giant slugs
  A brain worm (D:13)
  2 hell hound zombies (Elf:2)
  28 giant frogs
  9 scorpions
  2 eyes of draining
  A yak skeleton (D:10)
  2 yak zombies
  4 killer bees (D:8)
  8 wights
  A goliath beetle (D:13)
  A giant frog zombie (D:14)
  6 hounds
  3 crimson imps
  An elf zombie (Elf:2)
  2 electric eels (Spider:5)
  4 jellies
  7 big fish
  8 iguanas
  10 orange rats
  28 orc priests
  37 orc wizards
  26 worker ants
  21 sheep
  A killer bee zombie (D:6)
  An ogre zombie (D:5)
  Ijyb (D:2)
  Jessica (D:2)
  A mottled dragon skeleton (D:14)
  A crocodile skeleton (D:5)
  A mummy (D:8)
  21 adders
  23 green rats
  17 gnolls
  3 shadow imps
  2 white imps
  5 giant mites
  An inept feature mimic (D:9)
  2 worms
  An orc skeleton (D:6)
  3 giant eyeballs
  An iguana skeleton (D:8)
  12 giant geckos
  An ooze (D:3)
  178 orcs
  7 giant cockroaches
  A giant mite zombie (D:6)
  25 hobgoblins
  18 quokkas
  3 ball pythons
  16 bats
  3 giant newts
  2 giant spores
  24 goblins
  17 jackals
  26 kobolds
  24 rats
  5 ballistomycetes
  2 fungi (Lair:8)
1643 creatures vanquished.

Vanquished Creatures (collateral kills)
  Nikola (Swamp:1)
  Roxanne (Swamp:1)
  Harold (Lair:4)
  5 hydras
  An orb spider (Spider:2)
  A red wasp (Spider:2)
  3 oklob plants (Lair:8)
  2 black mambas (Lair:6)
  A jumping spider (Spider:2)
  A two-headed ogre (Swamp:5)
  3 blink frogs (Lair:4)
  A deep elf mage (D:11)
  A shark (Spider:2)
  5 yaks (D:8)
  A hippogriff (D:11)
  2 water moccasins
  3 swamp drakes (Swamp:1)
  An orc warrior (D:8)
  4 porcupines
  2 giant frogs (Lair:6)
  2 killer bees (D:8)
  An orc priest (D:8)
  A hound (Lair:6)
  An orc wizard (D:8)
  6 green rats
  A steam dragon skeleton (D:11)
  3 orcs
  2 hobgoblins
  A rat (Lair:6)
58 creatures vanquished.

Vanquished Creatures (others)
  A ghost moth (Spider:5)
  A lindwurm (Swamp:5)
  A boggart (Depths:1)
  2 trolls
  A jumping spider (Spider:1)
  2 ravens
  A trapdoor spider (Spider:5)
  A deep elf fighter (Elf:2)
  A vampire mosquito (Swamp:5)
  A swamp drake (Swamp:5)
  An ogre (Swamp:5)
  A fungus (Lair:8)
  A plant (Lair:7)
  2 starspawn tentacles (Abyss:1)
17 creatures vanquished.

Grand Total: 1718 creatures vanquished

Notes
Turn   | Place    | Note
--------------------------------------------------------------
     0 | D:1      | RepoMan, the Vine Stalker Berserker, began the quest for the Orb.
     0 | D:1      | Reached XP level 1. HP: 11/11 MP: 1/1
   132 | D:1      | Reached XP level 2. HP: 16/16 MP: 3/3
   138 | D:1      | Reached skill level 3 in Long Blades
   387 | D:1      | Acquired Trog's second power
   609 | D:2      | Noticed Jessica
   622 | D:2      | Killed Jessica
   622 | D:2      | Reached XP level 3. HP: 20/20 MP: 4/4
   691 | D:2      | Reached XP level 4. HP: 15/24 MP: 3/5
   808 | D:2      | Noticed Ijyb
   847 | D:2      | Killed Ijyb
   847 | D:2      | Reached skill level 1 in Stealth
  1213 | D:2      | Reached XP level 5. HP: 28/28 MP: 7/7
  1550 | D:3      | Noticed ketsa's ghost (experienced FoAK)
  1801 | D:3      | Acquired Trog's third power
  2025 | D:3      | Reached skill level 4 in Long Blades
  2025 | D:3      | Gained mutation: You heal very quickly. [vine stalker growth]
  2025 | D:3      | Reached XP level 6. HP: 14/32 MP: 5/8
  2307 | D:3      | Killed ketsa's ghost
  2307 | D:3      | Reached skill level 5 in Long Blades
  2307 | D:3      | Reached XP level 7. HP: 36/36 MP: 9/9
  2748 | D:4      | Found a white marble altar of Elyvilon.
  2748 | D:4      | Found a basalt altar of Yredelemnul.
  2854 | D:5      | Entered Level 5 of the Dungeon
  2884 | D:5      | Gained mutation: You have razor-sharp teeth. [vine stalker growth]
  2884 | D:5      | Reached XP level 8. HP: 32/40 MP: 11/11
  2941 | D:5      | Found a staircase to the Ecumenical Temple.
  2943 | D:5      | Noticed Edmund
  2953 | D:5      | Killed Edmund
  2953 | D:5      | Reached skill level 6 in Long Blades
  2978 | Temple   | Entered the Ecumenical Temple
  3283 | D:5      | Found a blossoming altar of Fedhas.
  3353 | D:5      | Noticed Nowbl's ghost (average MiFi)
  3361 | D:5      | Killed Nowbl's ghost
  3741 | D:5      | Found Shocotoa's Distillery.
  3753 | D:5      | Bought a potion of curing for 28 gold pieces
  3753 | D:5      | Bought a potion of poison for 14 gold pieces
  3753 | D:5      | Bought a potion of lignification for 28 gold pieces
  3753 | D:5      | Bought a potion of might for 35 gold pieces
  3753 | D:5      | Bought a potion of agility for 35 gold pieces
  3753 | D:5      | Bought a potion of restore abilities for 42 gold pieces
  3753 | D:5      | Bought a potion of brilliance for 35 gold pieces
  3814 | D:6      | Reached skill level 7 in Long Blades
  3822 | D:5      | Reached skill level 5 in Armour
  3967 | D:6      | Found Ojia's Food Shoppe.
  3984 | D:6      | Reached XP level 9. HP: 13/44 MP: 4/12
  4043 | D:6      | Bought a bread ration for 48 gold pieces
  4094 | D:6      | Found a burning altar of Makhleb.
  4383 | D:6      | Reached skill level 5 in Dodging
  4457 | D:6      | Reached skill level 8 in Long Blades
  4509 | D:6      | Noticed RepoMan's ghost (experienced FoFi)
  4522 | D:6      | Killed RepoMan's ghost
  4895 | D:7      | Reached skill level 9 in Long Blades
  4912 | D:7      | Reached XP level 10. HP: 40/49 MP: 13/13
  5362 | D:7      | Noticed ant87's ghost (experienced MiBe)
  5378 | D:7      | Killed ant87's ghost
  5430 | D:7      | Found a deep blue altar of Sif Muna.
  5826 | D:8      | Reached skill level 10 in Long Blades
  5977 | D:8      | Received a gift from Trog
  6057 | D:8      | Found a staircase to the Lair.
  6087 | D:8      | Reached XP level 11. HP: 53/53 MP: 15/15
  7157 | D:9      | Noticed Gastronok
  7168 | D:9      | Killed Gastronok
  7168 | D:9      | Reached skill level 11 in Long Blades
  7345 | D:9      | Found a shimmering altar of Xom.
  7465 | D:9      | Reached skill level 5 in Fighting
  7613 | D:10     | Entered Level 10 of the Dungeon
  8282 | D:11     | Noticed a hill giant
  8286 | D:11     | Killed a hill giant
  8382 | Lair:1   | Entered Level 1 of the Lair of Beasts
  8451 | Lair:1   | Received a gift from Trog
  8846 | Lair:1   | Gained mutation: You regenerate. [vine stalker growth]
  8846 | Lair:1   | Reached XP level 12. HP: 62/62 MP: 14/16
  8868 | Lair:1   | Received a gift from Trog
  9066 | Lair:1   | Identified a +2 rod of shadows (11/11) (You found it on level 1 of the Lair of Beasts)
 10609 | Lair:3   | Noticed Maud
 10629 | Lair:3   | Killed Maud
 10629 | Lair:3   | Received a gift from Trog
 10629 | Lair:3   | Reached skill level 1 in Shields
 11378 | Lair:4   | Found a labyrinth entrance.
 11394 | Lab      | Entered a labyrinth
 11776 | Lab      | Noticed a minotaur
 11782 | Lab      | Killed a minotaur
 11782 | Lab      | Reached skill level 12 in Long Blades
 11785 | Lab      | Got a brightly glowing plate armour
 11836 | Lab      | Identified the cursed +4 plate armour of Ruattij {Dex+4 Int+3} (You took it off a minotaur in a labyrinth)
 11841 | Lair:4   | Noticed a five-headed hydra
 11843 | Lair:4   | Noticed Harold
 11845 | Lair:4   | Killed a five-headed hydra
 11850 | Lair:4   | Killed Harold
 11850 | Lair:4   | Reached XP level 13. HP: 60/69 MP: 14/17
 12849 | Lair:5   | Received a gift from Trog
 12866 | Lair:5   | Identified a +3 rod of inaccuracy (13/13) (You took it off a minotaur in a labyrinth)
 13514 | Lair:6   | Found a staircase to the Swamp.
 13604 | Lair:6   | Found a hole to the Spider Nest.
 14133 | Lair:7   | Received a gift from Trog
 14143 | Lair:7   | Reached skill level 10 in Fighting
 14257 | Lair:7   | Cast into the Abyss (a distortion unwield)
 14257 | Abyss:1  | Found a corrupted altar of Lugonu.
 14267 | Lair:7   | Escaped the Abyss
 14364 | Lair:7   | Reached skill level 5 in Shields
 15025 | Lair:8   | Entered Level 8 of the Lair of Beasts
 15092 | Lair:8   | Reached XP level 14. HP: 58/77 MP: 18/18
 15141 | Lair:8   | Found a staircase to the Slime Pits.
 15395 | Lair:8   | Received a gift from Trog
 15734 | Lair:8   | Reached skill level 10 in Armour
 15877 | Lair:8   | Received a gift from Trog
 15885 | Lair:8   | Got an ichor-stained falchion {god gift}
 15886 | Lair:8   | Identified the -1,+0 falchion "Psaipynluv" {venom, rElec Str+3} (Trog gifted it to you on level 8 of the Lair of Beasts)
 15910 | Lair:8   | Got a warped flail
 15936 | Lair:8   | Identified the cursed -2,-1 flail of Freehold {distort, +Fly rElec rF+ rN+ MR++ SInv} (You found it on level 8 of the Lair of Beasts)
 16816 | D:11     | Noticed a seven-headed hydra
 16823 | D:11     | Killed an eight-headed hydra
 17010 | D:11     | Killed an unseen horror
 17153 | D:12     | Found a roughly hewn altar of Beogh.
 17154 | D:12     | Found a staircase to the Orcish Mines.
 17172 | D:12     | Received a gift from Trog
 18042 | D:13     | Received a gift from Trog
 18049 | D:13     | Reached skill level 13 in Long Blades
 18445 | D:13     | Reached skill level 10 in Dodging
 18445 | D:13     | Reached XP level 15. HP: 84/84 MP: 19/19
 18578 | D:13     | Paralysed by a giant eyeball for 2 turns
 18608 | D:13     | Identified a scroll of acquirement
 19302 | D:14     | Found a gate to the Vaults.
 19696 | D:15     | Entered Level 15 of the Dungeon
 19828 | D:15     | Received a gift from Trog
 20294 | D:15     | Found a staircase to the Depths.
 20324 | D:15     | Paralysed by a giant eyeball for 3 turns
 20574 | Depths:1 | Entered Level 1 of the Depths
 20634 | Depths:1 | Found an iron altar of Okawaru.
 20689 | Depths:1 | Found a flickering gateway to a bazaar.
 20699 | Bazaar   | Entered a bazaar
 20703 | Bazaar   | Found Ysujej's Gadget Boutique.
 20706 | Bazaar   | Found Shebeb's General Store.
 20707 | Bazaar   | Found Luojuy's Book Boutique.
 20707 | Bazaar   | Found Schuafua's Distillery.
 20718 | Bazaar   | Bought a scroll of holy word for 67 gold pieces
 20840 | Depths:1 | Noticed a frost giant
 20852 | Depths:1 | Killed a frost giant
 20959 | Depths:1 | Reached XP level 16. HP: 44/90 MP: 20/20
 21117 | Depths:1 | HP: 3/135 [ettin/dire flail (16)]
 21119 | Depths:1 | Received a gift from Trog
 21120 | Depths:1 | Got a slimy hand axe {god gift}
 21148 | Depths:1 | Identified the +5,+14 hand axe "Jihul" {flame, rPois rF+ MR+ Dex+2 Int+1 SInv} (Trog gifted it to you on level 1 of the Depths)
 21307 | Depths:1 | Found a gateway to Hell.
 21315 | Depths:1 | Noticed a lich
 21323 | Depths:1 | Killed a lich
 21400 | Depths:1 | Got a warped halberd
 21604 | Depths:1 | Identified the +6,+7 halberd "Hucoy" {drain, *Tele rC+ Str-1 Int+2} (You found it on level 1 of the Depths)
 22506 | Orc:1    | Entered Level 1 of the Orcish Mines
 22506 | Orc:1    | Noticed Eustachio
 22512 | Orc:1    | Killed Eustachio
 22521 | Orc:1    | Noticed Joseph
 22532 | Orc:1    | Killed Joseph
 22854 | Orc:1    | Received a gift from Trog
 23031 | Orc:1    | Found a deep blue altar of Sif Muna.
 23164 | Orc:3    | Found a flagged portal.
 23205 | Bailey   | Entered a bailey
 23321 | Bailey   | Noticed teukkam's ghost (experienced TrMo)
 23335 | Bailey   | Killed teukkam's ghost
 24035 | Orc:3    | Received a gift from Trog
 24076 | Orc:3    | Found a staircase to the Elven Halls.
 24266 | Orc:2    | Noticed SaintRoka's ghost (powerful HOAK)
 24454 | Orc:2    | Killed SaintRoka's ghost
 24948 | Orc:4    | Entered Level 4 of the Orcish Mines
 25008 | Orc:4    | Found a glowing golden altar of the Shining One.
 25058 | Orc:4    | Received a gift from Trog
 25105 | Orc:4    | Found a roughly hewn altar of Beogh.
 25149 | Orc:4    | Found a roughly hewn altar of Beogh.
 25167 | Orc:4    | Reached skill level 14 in Long Blades
 25174 | Orc:4    | Found Igeuc's Book Boutique.
 25255 | Orc:4    | Found Wihis' General Store.
 25279 | Orc:4    | Bought a scroll of identify for 32 gold pieces
 25357 | Orc:4    | Found a roughly hewn altar of Beogh.
 25404 | Orc:4    | Found a roughly hewn altar of Beogh.
 25404 | Orc:4    | Found Klarghah's Magic Scroll Shoppe.
 25445 | Orc:4    | Bought 3 scrolls of enchant weapon I for 136 gold pieces
 25445 | Orc:4    | Bought a scroll of enchant weapon II for 71 gold pieces
 25445 | Orc:4    | Bought a scroll of enchant weapon III for 260 gold pieces
 25464 | Orc:4    | Found a roughly hewn altar of Beogh.
 25726 | Orc:4    | Received a gift from Trog
 25755 | Orc:4    | Found Emeidac's Antique Weapon Boutique.
 25755 | Orc:4    | Found a roughly hewn altar of Beogh.
 25759 | Orc:4    | Found Isaaw's Antique Armour Shop.
 25776 | Orc:4    | Bought a pair of embroidered boots for 157 gold pieces
 25780 | Orc:4    | Identified a +1 pair of boots of running (You bought it in a shop on level 4 of the Orcish Mines)
 25868 | Orc:4    | Found a roughly hewn altar of Beogh.
 25919 | Orc:4    | Upgraded the game from 0.14.1-1-g650416f to 0.14.1-3-gd16b60d
 26304 | Swamp:1  | Entered Level 1 of the Swamp
 26509 | Swamp:1  | Reached skill level 1 in Evocations
 26543 | Swamp:1  | Noticed Roxanne
 26564 | Swamp:1  | Killed Roxanne
 26574 | Swamp:1  | Noticed Nikola
 26576 | Swamp:1  | Killed Nikola
 26685 | Swamp:1  | Reached XP level 17. HP: 94/97 MP: 22/22
 26912 | Swamp:1  | Received a gift from Trog
 27041 | Swamp:1  | Upgraded the game from 0.14.1-3-gd16b60d to 0.14.1-7-g74c9c2a
 27094 | Swamp:1  | Upgraded the game from 0.14.1-7-g74c9c2a to 0.14.1-9-g552248a
 28104 | Swamp:3  | Received a gift from Trog
 28115 | Swamp:3  | Upgraded the game from 0.14.1-9-g552248a to 0.14.1-18-g0856e53
 29394 | Swamp:4  | Received a gift from Trog
 29629 | Swamp:5  | Entered Level 5 of the Swamp
 30472 | Swamp:5  | Got a decaying rune of Zot
 30512 | Swamp:5  | Gained mutation: You are robust (+10% HP). [potion of beneficial mutation]
 30587 | Swamp:5  | Noticed Donald
 30609 | Swamp:5  | Killed Donald
 30728 | Swamp:5  | Reached XP level 18. HP: 113/113 MP: 27/27
 31194 | Lair:2   | Upgraded the game from 0.14.1-18-g0856e53 to 0.14.1-22-g2730a98
 31278 | Spider:1 | Entered Level 1 of the Spider Nest
 31477 | Spider:1 | Received a gift from Trog
 31478 | Spider:1 | Got a transparent crossbow {god gift}
 31530 | Spider:1 | Identified the +8,+10 crossbow of Evisceration {flame, Noisy rF++ rN+ Str+1 Int+2} (Trog gifted it to you on level 1 of the Spider Nest)
 31685 | Spider:1 | Reached skill level 15 in Fighting
 31691 | Spider:1 | Reached skill level 10 in Shields
 31968 | Spider:1 | Reached skill level 5 in Evocations
 32335 | Spider:2 | Noticed Arachne
 32356 | Spider:2 | Killed Arachne
 32711 | Spider:2 | Received a gift from Trog
 33026 | Spider:3 | Noticed Louise
 33054 | Spider:3 | Killed Louise
 33092 | Spider:3 | Noticed Agnes
 33120 | Spider:3 | Killed Agnes
 34275 | Spider:4 | Reached skill level 15 in Long Blades
 34304 | Spider:4 | Got a pitted battleaxe
 34305 | Spider:4 | Identified the +7,+4 battleaxe "Ranwiche" {freeze, rElec Str+3 Stlth+} (You found it on level 4 of the Spider Nest)
 34733 | Spider:5 | Entered Level 5 of the Spider Nest
 34841 | Spider:5 | Got a faintly glowing sling
 34905 | Spider:5 | Identified the +7,+7 sling "Ghao" {frost, MR++} (You found it on level 5 of the Spider Nest)
 35076 | Spider:5 | Received a gift from Trog
 35275 | Spider:5 | Reached XP level 19. HP: 119/119 MP: 29/29
 35359 | Spider:5 | Noticed Frances
 35369 | Spider:5 | Killed Frances
 35625 | Spider:5 | Received a gift from Trog
 35785 | Spider:5 | Got a gossamer rune of Zot
 36478 | Orc:3    | Upgraded the game from 0.14.1-22-g2730a98 to 0.14.1-24-gbdbe590
 36480 | Elf:1    | Entered Level 1 of the Elven Halls
 36554 | Elf:1    | Reached skill level 16 in Fighting
 36651 | Elf:1    | Received a gift from Trog
 37264 | Elf:2    | Found Qavotzim's Antique Weapon Shoppe.
 37357 | Elf:2    | Noticed Wiglaf
 37358 | Elf:2    | Noticed Azrael
 37402 | Elf:2    | Killed Wiglaf
 37404 | Elf:2    | Got a bloodstained shield
 37417 | Elf:2    | Identified the +3 shield of Cififuor {rN+ Stlth++} (You took it off Wiglaf on level 2 of the Elven Halls)
 37507 | Elf:2    | Killed Azrael
 37509 | Elf:2    | Received a gift from Trog
 37797 | Elf:2    | Cast into the Abyss (deep elf sorcerer)
 37922 | Elf:2    | Escaped the Abyss
 38228 | Elf:3    | Entered Level 3 of the Elven Halls
 38434 | Elf:3    | Received a gift from Trog
 38958 | Elf:3    | Noticed Jorgrun
 38992 | Elf:3    | Killed from afar by Jorgrun

Action                   |  1- 3 |  4- 6 |  7- 9 | 10-12 | 13-15 | 16-18 | 19-21 || total
-------------------------+-------+-------+-------+-------+-------+-------+-------++-------
Melee: Falchion          |    74 |   244 |   241 |   167 |       |       |       ||   726
       Long sword        |       |       |       |   664 |  1486 |  2225 |   480 ||  4855
       Demon blade       |       |       |       |       |     5 |       |       ||     5
       Great sword       |       |       |       |       |       |    10 |       ||    10
       Rod               |       |       |       |       |       |     7 |       ||     7
       Eveningstar       |       |       |       |       |       |    41 |       ||    41
       Bastard sword     |       |       |       |       |       |    22 |       ||    22
 Fire: Blowgun           |       |       |     8 |    12 |       |       |       ||    20
       Sling             |       |       |     2 |       |       |       |       ||     2
Throw: Dart              |     1 |     2 |       |     1 |       |       |       ||     4
       Javelin           |       |     5 |       |     4 |       |       |       ||     9
Invok: Berserk           |       |     1 |     9 |    11 |     2 |    10 |     2 ||    35
       Brothers in Arms  |       |       |       |     2 |     6 |     8 |     1 ||    17
       Trog's Hand       |       |       |       |     1 |     1 |    15 |     3 ||    20
       Burn Spellbooks   |       |       |       |     1 |     3 |     3 |       ||     7
Evoke: Wand              |       |     1 |     2 |     7 |    21 |    13 |     6 ||    50
       Rod               |       |       |       |       |    25 |    31 |     6 ||    62
  Use: Scroll            |       |       |    10 |    10 |    19 |    13 |     2 ||    54
       Potion            |       |       |       |     4 |       |     8 |     5 ||    17
 Stab: Paralysed         |       |       |       |       |     1 |     1 |       ||     2
       Confused          |       |       |       |       |     1 |     1 |       ||     2
